AoeStats
← dj4301028

Scandinavia

510281017Analyzed
1v1 RM · 2d ago on Sep 30, 2026· 38m 53s· 2 players
Game mode
Random Map
Map size
Tiny (2 player)
Population
200
Speed
Normal
Resources
Standard
Victory
Conquest
Starting age
Dark Age
Ending age
Imperial Age
RankedLock teamsTeams togetherTeam positionsShared explorationLock speedFull tech treeHidden civsTurbo modeCheats
Victory
Defeat
🇰🇿 Japanese · Kazakhstan
1046
+14
🇹🇼 Turks · Taiwan
1003
-14
albaevaarina0
6:36 Loom
10:30 Feudal Age
10:37 Man-at-Arms
13:12 Double-Bit Axe
20:43 Fletching
29:34 Castle Age
27:57 Padded Archer Armor
28:22 Gold Mining
30:38 Bloodlines
30:33 Fishing Lines
31:08 Bodkin Arrow
32:45 Ballistics
33:30 Leather Archer Armor
36:49 Thumb Ring
38:05 Scale Mail Armor
dj4301028
9:54 Feudal Age
10:32 Loom
18:51 Fletching
23:45 Padded Archer Armor
27:28 Castle Age
25:36 Double-Bit Axe
26:03 Horse Collar
27:42 Forging
28:36 Crossbowman
29:20 Heavy Plow
29:45 Bow Saw
30:01 Bodkin Arrow
30:40 Gold Mining
32:45 Bloodlines
33:12 Thumb Ring
35:03 Scale Barding Armor
39:02 Iron Casting
Connection lost

Rejoining the realm…

Still unreachable

The connection could not be restored.

Session expired

The server has moved on; the page needs a fresh start.